 Dungeon Crawl Stone Soup version 0.29.0-11-gd7f09526c8 (webtiles) character file.

Game seed: 2273223572807438592

41 Arum the Shield-Bearer (level 3, -1/28 (30) HPs)
             Began as a Formicid Fighter on Sept 5, 2022.
             Was an Initiate of Ru.
             Slain by a shadow (3 damage)
             ... created by the anger of Yredelemnul
             ... on level 2 of the Dungeon.
             The game lasted 00:01:44 (2428 turns).

Arum the Shield-Bearer (Formicid Fighter)           Turns: 2428, Time: 00:01:45

HP:   -1/28 (30)    AC:  7    Str: 22    XL:     3   Next: 75%
MP:   3/3           EV:  9    Int:  7    God:    Ru [......]
Gold: 64            SH:  5    Dex: 13    Spells: 2/2 levels left

rFire   . . .      SeeInvis +   a - +0 war axe
rCold   . . .      Faith    .   c - +0 buckler
rNeg    . . .      Spirit   .   b - +0 scale mail
rPois   .          Reflect  .   (helmet unavailable)
rElec   .          Harm     .   (no cloak)
rCorr   .          Rampage  .   (no gloves)
Will    .....                   (no boots)
Stlth   ..........              (no amulet)
HPRegen 0.09/turn               (no ring)
MPRegen 0.08/turn               (no ring)

@: mighty, drained
A: permanent stasis, dig shafts and tunnels, antennae 3, four strong arms
a: Dig, Shaft Self, Renounce Religion


You were on level 2 of the Dungeon.
You worshipped Ru.
Ru was noncommittal.
You visited 1 branch of the dungeon, and saw 2 of its levels.

You collected 64 gold pieces.

Inventory:

Hand Weapons
 a - a +0 war axe (weapon)
Missiles
 j - 3 javelins
Armour
 b - a +0 scale mail (worn)
 c - a +0 buckler (worn)
Jewellery
 k - a ring of magical power
 m - a ring of wizardry
 p - a ring of magical power
Scrolls
 e - a scroll of blinking {unknown}
 f - 4 scrolls of identify {unknown}
 g - a scroll of silence {unknown}
 n - a scroll of fog {unknown}
 o - a scroll of magic mapping {unknown}
 r - a scroll of poison {unknown}
Potions
 h - a potion of degeneration {unknown}
 i - 2 potions of heal wounds {unknown}
 l - a potion of ambrosia {unknown}
 q - a potion of magic {unknown}


   Skills:
 + Level 3.9 Fighting
 + Level 2.7 Axes
 + Level 3.9 Armour
 - Level 4.0 Shields


You had 2 spell levels left.
You didn't know any spells.
Your spell library contained the following spells:

 Spells                   Type           Power      Damage    Failure   Level
 Beastly Appendage        Tmut           0%         N/A       82%         1
 Sting                    Tmut/Pois      0%         1d3       82%         1
 Poisonous Vapours        Pois/Air       0%         N/A       91%         2
 Wereblood                Tmut           0%         N/A       91%         2
 Spider Form              Tmut/Pois      0%         N/A       99%         3
 Olgreb's Toxic Radiance  Pois           0%         N/A       100%        4


Dungeon Overview and Level Annotations

Branches:
Dungeon (2/15)

Altars:
Ru
Yredelemnul


Innate Abilities, Weirdness & Mutations

You cannot be hasted, slowed, berserked, paralysed or teleported.
You can dig through walls and to a lower floor.
You have a pair of large antennae on your head. (SInv)
Your four strong arms can wield two-handed weapons with a shield.


Message History

The ball python constricts you.
The ball python bites you but does no damage.
The ball python constricts you.
You hit the ball python.
The ball python is heavily wounded.
The ball python bites you but does no damage.
The ball python constricts you.
You slash the ball python!
You kill the ball python!
The ball python bites you but does no damage.
The ball python grabs you. The ball python constricts you.
You barely miss the ball python. The ball python completely misses you.
The ball python constricts you. The ball python barely misses you.
The ball python constricts you.
You slash the ball python!
You kill the ball python!
You start resting.
Yredelemnul sends a servant to punish you.
A shadow comes into view.
The shadow moves out of view.
The shadow slips into darkness.
The shadow flickers and vanishes for a moment.
The shadow hits you. The shadow attacks as you move away!
The shadow barely misses you.
You feel very mighty all of a sudden. The shadow hits you.
You closely miss the shadow. The shadow completely misses you.
You hit the shadow.
The shadow is lightly damaged.
The shadow slips into darkness.
The shadow flickers and vanishes for a moment.
The shadow hits you.
You hit the shadow.
The shadow is moderately damaged.
The shadow hits you!
* * * LOW HITPOINT WARNING * * *
You barely miss the shadow.
The shadow is moderately damaged.
The shadow hits you.
You die...

### #.........W...# #.#
#############.# #.# #.# ####
#.# #.# ####... #.#
##.#######...... #.#
#..........##### #.#
#..#######.# # #<#
#######..........# #
#.##########....@W.########.#
# #............#######
#.##### ##############
#...... #######


You could see a shadow.

Vanquished Creatures
  An adder (D:2)
  A dart slug (D:1)
  An endoplasm (D:1)
  A giant cockroach (D:2)
  2 goblins
  3 hobgoblins
  2 kobolds (D:1)
  5 quokkas
  5 ball pythons
  4 bats
  A frilled lizard (D:1)
  2 rats (D:1)
28 creatures vanquished.

Vanquished Creatures (others)
  4 fungi (D:2)
4 creatures vanquished.

Grand Total: 32 creatures vanquished

Notes
Turn   | Place    | Note
-------+----------+-------------------------------------------
     0 | D:1      | Arum the Formicid Fighter began the quest for the Orb.
     0 | D:1      | Reached XP level 1. HP: 18/18 MP: 1/1
   334 | D:1      | Reached XP level 2. HP: 24/24 MP: 2/2
  1076 | D:1      | Reached XP level 3. HP: 27/30 MP: 3/3
  1130 | D:1      | Found a faded altar of an unknown god.
  1135 | D:1      | Prayed at the altar of an unknown god.
  1135 | D:1      | Became a worshipper of Yredelemnul the Dark
  1135 | D:1      | Reached * piety under Yredelemnul
  1136 | D:1      | Fell from the grace of Yredelemnul
  2134 | D:2      | Found a sacrificial altar of Ru.
  2159 | D:2      | Became a worshipper of Ru the Awakened
  2403 | D:2      | Noticed a shadow
  2428 | D:2      | Slain by a shadow

Illustrated notes

Levels and vault maps discovered:
D:1:      minmay_arrival_jagged, layout_loops_ring,
          ebering_ecumenical_altar_mist, grunt_decor_junction
D:2:      layout_loops_ring, basic_altar, serial_park_tiny_1,
          minmay_shallow_snake_nest

Action                   || total
-------------------------++-------
Melee: War axe           ||   101
Invok: Renounce Religion ||     1
  Use: Potion            ||     1
Armor: Scale mail        ||    44
Dodge: Dodged            ||    42
Block: Buckler           ||    26
